 Dungeon Crawl Stone Soup version 0.28.0-47-ge53b351184 (webtiles) character file.

Game seed: 11733056235149739737

14784 issech the Basher (level 11, -21/99 HPs)
             Began as a Troll Monk on May 6, 2022.
             Was a Priest of Hepliaklqana.
             Demolished by an enormous slime creature (51 damage)
             ... on level 12 of the Dungeon on May 7, 2022.
             The game lasted 00:43:48 (11586 turns).

issech the Basher (Troll Monk)                     Turns: 11586, Time: 00:43:49

Health: -21/99     AC:  5    Str: 23    XL:     11   Next: 93%
Magic:  0/10       EV: 15    Int:  6    God:    Hepliaklqana [***...]
Gold:   558        SH:  0    Dex: 22    Spells: 10/10 levels left

rFire   x . .      SeeInvis +   V - +10 rapier of Jeda {vorpal, *Noise rCorr Str+2 SInv}
rCold   . . .      Faith    .   (no shield)
rNeg    + + +      Spirit   +   b - +0 robe
rPois   +          Reflect  .   (helmet restricted)
rElec   .          Harm     .   A - +0 cloak {rPois}
rCorr   +          Rampage  .   (gloves unavailable)
Will    .....                   (boots unavailable)
Stlth   +++.......              s - amulet of guardian spirit
HPRegen 1.06/turn               R - ring of see invisible
MPRegen 0.12/turn               U - ring of Xom's Full Attention {rF- rN+++ Dex+6 SInv}

@: no status effects
A: reduced essence, large, unfitting armour, claws 3, regeneration 1, shaggy fur
1, tough skin 1
a: Renounce Religion, Recall Ancestor, Ancestor Identity, Transference


You were on level 12 of the Dungeon.
You worshipped Hepliaklqana.
Hepliaklqana was most pleased with you.
You visited 2 branches of the dungeon, and saw 13 of its levels.

You collected 594 gold pieces.
You spent 36 gold pieces at shops.

Inventory:

Hand Weapons
 a - a +4 war axe
 y - a +3 dire flail of draining
 B - a +4 quarterstaff of chaos
 H - a +1 vorpal spear
 L - the +1 whip of the Lamprey {protect, rC++ Dex-2 Stlth+}
   (You found it on level 7 of the Dungeon)

   It grants its wielder temporary protection when it strikes (+7 to AC).
   Dex:       It affects your dexterity (-2).
   rC:        It greatly protects you from cold.
   Stlth:     It makes you more stealthy.
 Q - the +5 short sword of the Shore {vorpal, rElec}
   (You found it on level 9 of the Dungeon)

   It inflicts extra damage upon your enemies.
   rElec:     It insulates you from electricity.
 V - the +10 rapier of Jeda (weapon) {vorpal, *Noise rCorr Str+2 SInv}
   (You found it on level 10 of the Dungeon)

   It inflicts extra damage upon your enemies.
   Str:       It affects your strength (+2).
   SInv:      It lets you see invisible.
   *Noise:    It may make noises in combat.
   rCorr:     It protects you from acid and corrosion.
 X - a +6 giant club of flaming
 Y - a +3 trident
 Z - a +0 morningstar
Missiles
 c - 366 stones (quivered)
 f - 3 silver javelins
 i - 135 arrows
 n - 60 sling bullets
 r - 15 poisoned darts
 J - 42 bolts
 O - a boomerang
 T - a curare-tipped dart
 W - 5 javelins
Armour
 b - a +0 robe (worn)
 A - a +0 cloak of poison resistance (worn)
Jewellery
 s - an amulet of guardian spirit (around neck)
 M - an amulet of magic regeneration
 N - a ring of ice
 R - a ring of see invisible (left claw)
 U - the ring of Xom's Full Attention (right claw) {rF- rN+++ Dex+6 SInv}
   (You found it on level 6 of the Dungeon)

   [ring of see invisible]

   Dex:       It affects your dexterity (+6).
   rF:        It makes you vulnerable to fire.
   rN:        It renders you almost immune to negative energy.
   SInv:      It lets you see invisible.
Wands
 t - a wand of charming (14)
 v - a wand of iceblast (2)
 x - a wand of digging (3)
 E - a wand of acid (4)
Scrolls
 g - 5 scrolls of enchant armour
 h - 5 scrolls of teleportation
 o - 3 scrolls of magic mapping
 p - 4 scrolls of noise
 C - 4 scrolls of enchant weapon
 D - a scroll of torment
 I - 4 scrolls of immolation {unknown}
 K - 2 scrolls of blinking {unknown}
 P - a scroll of amnesia {unknown}
Potions
 d - 3 potions of flight {unknown}
 e - 5 potions of mutation {unknown}
 j - 10 potions of curing {unknown}
 k - 2 potions of invisibility {unknown}
 l - a potion of haste {unknown}
 m - a potion of attraction {unknown}
 q - a potion of might {unknown}
 u - a potion of cancellation {unknown}
 z - a potion of resistance {unknown}
 F - 2 potions of heal wounds {unknown}
 G - 3 potions of brilliance {unknown}


   Skills:
 + Level 7.9 Fighting
 + Level 6.1 Short Blades
 + Level 10.5 Maces & Flails
 + Level 4.0 Throwing
 + Level 7.4 Dodging
 + Level 4.0 Stealth


You had 10 spell levels left.
You didn't know any spells.
Your spell library contained the following spells:

 Spells                   Type           Power      Damage    Failure   Level
 Shock                    Conj/Air       0%         1d3       45%         1
 Summon Small Mammal      Summ           0%         N/A       45%         1
 Corpse Rot               Necr/Air       0%         N/A       58%         2
 Poisonous Vapours        Pois/Air       0%         N/A       58%         2
 Scorch                   Fire           0%         2d5       58%         2
 Static Discharge         Conj/Air       0%         N/A       58%         2
 Call Canine Familiar     Summ           0%         N/A       83%         3
 Summon Guardian Golem    Hex/Summ       0%         N/A       83%         3
 Swiftness                Air            0%         N/A       83%         3
 Airstrike                Air            0%         N/A       99%         4
 Flame Wave               Conj/Fire      0%         2d4       99%         4
 Lightning Bolt           Conj/Air       0%         1d11      100%        5
 Summon Cactus Giant      Summ           0%         N/A       100%        6
 Maxwell's Capacitive Co  Air            0%         ∞         100%        8


Dungeon Overview and Level Annotations

Branches:
Dungeon (12/15)            Temple (1/1) D:5            Lair (0/6) D:8
    Orc (0/2) D:11

Altars:
Ashenzari
Cheibriados
Dithmenos
Elyvilon
Fedhas
Gozag
Hepliaklqana
Kikubaaqudgha
Makhleb
Nemelex Xobeh
Okawaru
Qazlal
Ru
Sif Muna
Trog
Uskayaw
Vehumet
Wu Jian
Xom
Yredelemnul
Zin
The Shining One

Shops:
D:2 *:(:!   D:5 =


Innate Abilities, Weirdness & Mutations

Your life essence is reduced to manifest your ancestor. (-10% HP)
You are too large for most types of armour.
You have claws for hands.
Your natural rate of healing is unusually fast.
You are covered in fur. (AC +1)
You have tough skin. (AC +1)


Message History

The very large slime creature is heavily wounded.
You swap places.
The very large slime creature hits Cihuaton!
Cihuaton barely misses the very large slime creature.
Two slime creatures merge to form an enormous slime creature.
Cihuaton hits the enormous slime creature with a +0 quarterstaff!!
You see here a wand of charming (2).
The enormous slime creature closely misses Cihuaton.
Cihuaton gestures at the enormous slime creature while chanting.
The stone arrow hits the enormous slime creature!
The enormous slime creature barely misses Cihuaton.
Cihuaton hits the enormous slime creature with a +0 quarterstaff!
The enormous slime creature hits Cihuaton!!!!
Cihuaton is destroyed!
You throw a large rock. The enormous slime creature quivers.
The large rock hits the enormous slime creature!
The enormous slime creature is severely wounded.
A centaur comes into view.
The centaur wields a +0 shortbow.
The centaur shoots an arrow.
The arrow hits you but does no damage.
You throw a large rock.
The large rock hits the enormous slime creature!!
The enormous slime creature is severely wounded.
The centaur shoots an arrow.
The arrow completely misses you.
The centaur shoots an arrow.
The arrow hits you. The enormous slime creature hits you!
The centaur unwields a +0 shortbow.
The centaur barely misses you. The centaur misses you.
You puncture the centaur!
The centaur is severely wounded.
The centaur barely misses you.
The centaur kicks you but does no damage.
The enormous slime creature hits you!!
You barely miss the centaur.
The centaur is severely wounded.
The centaur closely misses you. The centaur barely misses you.
The enormous slime creature hits you!!!
Ouch! That really hurt!
You die...

.......#.# #.##.
..... #.# #.##.
... #.# #.##.
#(####.#### #.##.
#.##......# #.##.
#(##......# #.###
#/##......# #.# #
#J##......# #
#@##......# #
+######c###...###
# ........###)..#
# ..............#
# .......".##...#
###
.######..######
... #..# ### ....
... .....# ###


You could see an enormous slime creature and a centaur.

Vanquished Creatures
  A hydra (D:11)
  A two-headed ogre (D:12)
  The ghost of cman10800 the Grappler, a novice TrBe of Trog (D:6)
  2 ugly things
  A manticore (D:11)
  A gargoyle (D:12)
  A komodo dragon (D:8)
  2 trolls
  Grinder (D:4)
  A hornet (D:8)
  A shadow (D:9)
  6 yaks
  2 wyverns
  7 vampire mosquitoes
  Edmund (D:4)
  A water moccasin (D:6)
  An ice beast (D:6)
  5 orc warriors
  A sky beast (D:6)
  A hornet zombie (D:8)
  A black bear (D:7)
  An ogre (D:5)
  2 centaurs
  A necrophage (D:5)
  2 phantoms (D:6)
  2 kobold brigands
  A bullfrog (D:4)
  2 scorpions (D:7)
  A water moccasin skeleton (D:6)
  9 killer bees
  2 wights (D:10)
  2 howler monkeys
  3 centaur zombies
  6 hounds
  Crazy Yiuf (D:4)
  7 orc priests
  Ijyb (D:3)
  11 orc wizards
  Natasha (thrice) (D:3)
  3 iguanas
  A killer bee zombie (D:6)
  A hound skeleton (D:5)
  A howler monkey zombie (D:9)
  3 gnolls
  2 howler monkey skeletons
  2 adders
  2 white imps
  A worm (D:8)
  25 orcs
  6 bats
  4 endoplasms
  3 giant cockroaches
  9 goblins
  8 hobgoblins
  4 jackals (D:1)
  3 quokkas
  10 ball pythons
  2 frilled lizards (D:1)
  9 kobolds
  7 rats
202 creatures vanquished.

Vanquished Creatures (collateral kills)
  A hydra (D:12)
  Erolcha (D:10)
  A two-headed ogre (D:9)
  A manticore (D:12)
  A gargoyle (D:10)
  An unseen horror (D:6)
  2 trolls
  A yak (D:11)
  A vampire mosquito (D:12)
  A cane toad zombie (D:10)
  3 orc warriors
  A centaur (D:9)
  A bullfrog (D:9)
  A gnoll sergeant (D:11)
  A wight (D:10)
  An electric eel (D:10)
  2 orc wizards
  7 orcs
28 creatures vanquished.

Vanquished Creatures (others)
  4 battlemagi
  27 fungi
  8 plants (D:8)
39 creatures vanquished.

Grand Total: 269 creatures vanquished

Notes
Turn   | Place    | Note
-------+----------+-------------------------------------------
     0 | D:1      | issech the Troll Monk began the quest for the Orb.
     0 | D:1      | Reached XP level 1. HP: 22/22 MP: 0/0
   138 | D:1      | Reached skill level 3 in Maces & Flails
   138 | D:1      | Reached XP level 2. HP: 28/29 MP: 1/1
   994 | D:2      | Found Sepp's General Store.
  1015 | D:1      | Reached XP level 3. HP: 36/36 MP: 2/2
  1121 | D:2      | Found Leonlugi's Book Emporium.
  1229 | D:2      | Found Lieres's Book Shop.
  1249 | D:2      | Found Woil's Distillery.
  1258 | D:2      | Bought a potion of degeneration for 10 gold pieces
  1446 | D:2      | Found Ylaerih's Antique Weapon Emporium.
  1503 | D:2      | Bought a scroll of identify for 26 gold pieces
  1633 | D:3      | Noticed Natasha
  1639 | D:3      | Killed Natasha
  1689 | D:3      | Reached XP level 4. HP: 44/44 MP: 3/3
  1742 | D:3      | Found a faded altar of an unknown god.
  1856 | D:3      | Found a sacrificial altar of Ru.
  2155 | D:3      | Noticed Natasha
  2179 | D:3      | Killed Natasha
  2313 | D:3      | Noticed Ijyb
  2338 | D:3      | Killed Ijyb
  2339 | D:3      | Reached XP level 5. HP: 29/53 MP: 2/4
  2427 | D:3      | Noticed Natasha
  2438 | D:3      | Killed Natasha
  2439 | D:3      | Reached skill level 1 in Short Blades
  2439 | D:3      | Reached skill level 1 in Throwing
  2627 | D:4      | Reached XP level 6. HP: 39/61 MP: 2/5
  2710 | D:4      | Noticed Edmund
  2732 | D:4      | Killed Edmund
  2799 | D:4      | Found a hide-covered altar of Uskayaw.
  2799 | D:4      | Found a bloodstained altar of Trog.
  3244 | D:4      | Found a runed translucent door.
  3245 | D:4      | Noticed Crazy Yiuf
  3319 | D:4      | Noticed Grinder
  3325 | D:4      | Paralysed by Grinder for 2 turns
  3329 | D:4      | Killed Grinder
  3330 | D:4      | Reached XP level 7. HP: 44/68 MP: 3/6
  3393 | D:4      | Killed Crazy Yiuf
  3468 | D:5      | Entered Level 5 of the Dungeon
  3648 | D:5      | Reached skill level 4 in Maces & Flails
  4065 | D:5      | Found Keolanot's One-of-a-Kind Rings.
  4221 | D:5      | Found a staircase to the Ecumenical Temple.
  4230 | Temple   | Entered the Ecumenical Temple
  4571 | D:6      | Reached XP level 8. HP: 68/78 MP: 5/7
  4642 | D:6      | Reached skill level 5 in Maces & Flails
  4719 | D:6      | Noticed cman10800's ghost (novice TrBe)
  5058 | D:6      | Found a burning altar of Makhleb.
  5101 | D:6      | Reached skill level 6 in Maces & Flails
  5193 | D:6      | Found a runed translucent gate.
  5193 | D:6      | Found a runed translucent gate.
  5194 | D:6      | Found a runed translucent gate.
  5560 | D:7      | Reached XP level 9. HP: 77/87 MP: 5/8
  5569 | D:7      | Reached skill level 5 in Fighting
  5585 | D:7      | Identified the +1 leather armour "Teurr" {Rampage *Slow
                  | rCorr Stlth+}
  5698 | D:7      | Reached skill level 7 in Maces & Flails
  5899 | D:7      | Identified the +1 whip of the Lamprey {protect, rC++ Dex-2
                  | Stlth+}
  5949 | D:7      | Noticed a troll
  6057 | D:6      | Killed a troll
  6058 | D:6      | Reached skill level 5 in Dodging
  6561 | D:8      | Reached skill level 8 in Maces & Flails
  6642 | D:8      | Found a staircase to the Lair.
  6643 | D:8      | Noticed a komodo dragon
  6800 | D:8      | Identified the +4 scale mail "Walenwat" {Dex+2}
  7007 | D:8      | Found a snail-covered altar of Cheibriados.
  7443 | D:9      | Reached skill level 9 in Maces & Flails
  7443 | D:9      | Reached XP level 10. HP: 68/98 MP: 5/9
  7488 | D:9      | Identified the +5 short sword of the Shore {vorpal, rElec}
  7731 | D:9      | Found a hazy altar of Hepliaklqana.
  7770 | D:9      | Became a worshipper of Hepliaklqana the Forgotten
  7770 | D:9      | Reached * piety under Hepliaklqana
  7770 | D:9      | Reached ** piety under Hepliaklqana
  7771 | D:9      | Remembered your ancestor Cihuaton as a battlemage
  8242 | D:9      | Noticed a two-headed ogre
  8249 | D:9      | Killed a two-headed ogre
  8612 | D:6      | Killed cman10800's ghost
  8621 | D:6      | Reached skill level 10 in Maces & Flails
  8643 | D:6      | Identified the ring of Xom's Full Attention {rF- rN+++
                  | Dex+6 SInv}
  8857 | D:10     | Entered Level 10 of the Dungeon
  8951 | D:10     | Identified the +10 rapier of Jeda {vorpal, *Noise rCorr
                  | Str+2 SInv}
  9023 | D:10     | Noticed Erolcha
  9114 | D:10     | Killed Erolcha
  9115 | D:10     | Reached XP level 11. HP: 70/96 MP: 6/10
  9329 | D:10     | Noticed a white ugly thing
  9336 | D:10     | Killed a white ugly thing
  9476 | D:10     | Found a basalt altar of Yredelemnul.
  9490 | D:10     | Found a radiant altar of Vehumet.
 10084 | D:11     | Reached *** piety under Hepliaklqana
 10411 | D:11     | Found a staircase to the Orcish Mines.
 10438 | D:11     | Reached skill level 5 in Short Blades
 10586 | D:11     | Noticed a six-headed hydra
 10593 | D:11     | Killed a six-headed hydra
 11012 | D:12     | Noticed a two-headed ogre
 11017 | D:12     | Killed a two-headed ogre
 11250 | D:12     | Noticed a purple ugly thing
 11258 | D:12     | Killed a purple ugly thing
 11399 | D:12     | Noticed an eight-headed hydra
 11404 | D:12     | Killed an eight-headed hydra
 11586 | D:12     | Demolished by an enormous slime creature

Illustrated notes

Levels and vault maps discovered:
D:1:      psy_arrival_wood_between_worlds, layout_loops_ring,
          chequers_serial_rivers_room_b, kennysheep_crisscross,
          amcnicky_mini_rare_corridor_liquid, minmay_fountain_box,
          minmay_hedge_maze
D:2:      layout_rooms, serial_shops, nicolae_square_shop, nicolae_shop_stone,
          shop, shop, nicolae_lakefront_shop
D:3:      layout_basic, nicolae_ru_great_annihilating_truth,
          shapermc_ecumenical_altar_starsandcircs, uniq_natasha, uniq_ijyb
D:4:      layout_loops_cross, gammafunk_temple_overflow_elements,
          uniq_crazy_yiuf_cottage, uniq_grinder, uniq_edmund
D:5:      layout_gridville, minmay_temple_entry_proselytizer,
          nicolae_shop_unique_rings, hangedman_minor_gate_pass
D:6:      layout_basic, bloody_makhleb, gammafunk_ghost_split, serial_aquarium,
          aquarium_bridge_long_separate [aquarium_subvault_wall,
          aquarium_subvault_wall, aquarium_subvault_bridge,
          aquarium_subvault_wall, aquarium_subvault_balcony,
          aquarium_subvault_bridge], aquarium_window_corridor_3,
          aquarium_window_corner, aquarium_view_2c, aquarium_view_2b,
          aquarium_balcony_3a, aquarium_pool_corner
D:7:      layout_basic, minmay_curled_crystal, grunt_tough_drop
D:8:      layout_loops_ring, chei_slow_surprise, david_lair_shrubbed
D:9:      layout_loops_corners, mainiacjoe_overflow_concentric_impassable,
          nrook_campfire, kennysheep_decorative_pillar
D:10:     layout_rooms, nicolae_overflow_squiral, hex_intersection, uniq_erolcha
D:11:     layout_loops_ring, orc_0_dummy
D:12:     layout_basic
Temple:   zaba_magenta_temple

Skill      XL: |  1  2  3  4  5  6  7  8  9 10 11 |
---------------+----------------------------------+-----
Maces & Flails | 3 4 6 9 10 | 10.5
Fighting       | 3 4 5 6 7 |  7.9
Dodging        | 3 4 5 6 7 |  7.4
Short Blades   | 1 2 3 6 |  6.1
Throwing       | 1 2 3 4 |  4.0
Stealth        | 2 3 4 |  4.0

Action                   |  1- 3 |  4- 6 |  7- 9 | 10-12 || total
-------------------------+-------+-------+-------+-------++-------
Melee: Mace              |   125 |       |       |       ||   125
       Punch             |     3 |     2 |       |       ||     5
       Dagger            |       |   165 |       |       ||   165
       Dire flail        |       |    31 |   269 |    56 ||   356
       Short sword       |       |       |       |    19 ||    19
       Rapier            |       |       |       |   125 ||   125
       Giant club        |       |       |       |     3 ||     3
Throw: Stone             |    15 |    48 |    14 |       ||    77
       Boomerang         |       |       |     4 |     9 ||    13
       Large rock        |       |       |       |    10 ||    10
Invok: Ancestor Life: Ba |       |       |       |     1 ||     1
  Use: Scroll            |     1 |       |     2 |     6 ||     9
 Stab: Sleeping          |     1 |     1 |     1 |     3 ||     6
       Distracted        |       |       |     1 |     3 ||     4
Armor: Robe              |    69 |    45 |    71 |    41 ||   226
Dodge: Dodged            |    87 |    74 |   153 |   179 ||   493
